 Dungeon Crawl Stone Soup version 0.21-a0-361-g4efd3f9 (webtiles) character file.

1411 tof the Ruffian (level 8, -11/79 HPs)
             Began as a Troll Monk on Oct 13, 2017.
             Was an Elder of Wu Jian.
             Mangled by nikopol's ghost (15 damage)
             ... on level 6 of the Dungeon.
             The game lasted 00:15:25 (3925 turns).

tof the Ruffian (Troll Monk)                        Turns: 3925, Time: 00:15:25

Health: -11/79     AC:  7    Str: 22      XL:     8   Next: 43%
Magic:  7/7        EV: 11    Int:  6      God:    Wu Jian [****..]
Gold:   351        SH:  4    Dex: 11 (12) Spells: 6/7 levels left

rFire    . . .     SeeInvis .     - Unarmed
rCold    + . .     Gourm    +   (no shield)
rNeg     . . .     Faith    .   C - +0 robe
rPois    +         Spirit   .   (helmet restricted)
rElec    .         Reflect  .   (no cloak)
rCorr    .         Harm     .   (gloves unavailable)
MR       .....                  (boots unavailable)
Stlth    ..........             F - amulet of magic regeneration
HPRegen  0.63/turn              s - ring of protection from cold
MPRegen  0.35/turn              z - ring of loudness (curse)

@: no status effects
A: unfitting armour, claws 3, iridescent scales 1, large bone plates 1, fast
metabolism 3, gourmand, poison resistance, regeneration 1, shaggy fur 1, tough
skin 2, MP-powered wands
a: Serpent's Lash, Renounce Religion


You were on level 6 of the Dungeon.
You worshipped Wu Jian.
Wu Jian was greatly pleased with you.
You were not hungry.

You visited 1 branch of the dungeon, and saw 6 of its levels.
You also visited: Ossuary.

You collected 351 gold pieces.

Inventory:

Armour
 C - a +0 robe (worn)
Magical Staves
 a - an uncursed staff of summoning
Jewellery
 s - a ring of protection from cold (left claw)
 z - a cursed ring of loudness (right claw)
 F - an amulet of magic regeneration (around neck)
Wands
 D - a wand of random effects (32/48)
 E - a wand of confusion (12/48)
 G - a wand of disintegration (8/24)
Scrolls
 e - 3 scrolls of teleportation {unknown}
 f - 6 scrolls of remove curse {unknown}
 h - 5 scrolls of enchant weapon {unknown}
 l - 4 scrolls of identify {unknown}
 n - 2 scrolls of enchant armour {unknown}
 o - 3 scrolls of immolation {unknown}
 r - a scroll of amnesia {unknown}
 u - a scroll of fog {unknown}
 y - a scroll of blinking {unknown}
 B - a scroll of random uselessness {unknown}
Potions
 c - a potion of brilliance {unknown}
 d - a potion of haste
 g - a potion of resistance {unknown}
 i - a potion of invisibility {unknown}
 j - a potion of mutation
 k - a potion of heal wounds
 p - 2 potions of curing
 q - 2 potions of agility {unknown}
 v - 2 potions of berserk rage {unknown}
 w - 5 potions of lignification
Books
 A - a book of Callings

   Spells                             Type                      Level
   a - Summon Small Mammal            Summoning                    1
   b - Call Imp                       Summoning                    2
   c - Call Canine Familiar           Summoning                    3
   d - Summon Guardian Golem          Hexes/Summoning              3
   e - Summon Lightning Spire         Summoning/Air                4
   f - Summon Ice Beast               Ice/Summoning                4
Comestibles
 b - 7 bread rations
 m - 4 meat rations
 t - 7 fruits
 x - 2 royal jellies


   Skills:
 + Level 4.6 Fighting
 + Level 2.3 Staves
 + Level 4.7 Dodging
 - Level 1.0 Stealth
 * Level 7.3 Unarmed Combat
 + Level 1.7 Summonings


You had 6 spell levels left.
You knew the following spells:

 Your Spells              Type           Power        Failure   Level  Hunger
a - Summon Small Mammal   Summ           #...         26%         1    ##.....


Dungeon Overview and Level Annotations

Branches:
Dungeon (6/15)
 Temple: D:4-7

Altars:
Hepliaklqana
Kikubaaqudgha
Makhleb
Wu Jian
Xom
Zin

Shops:
D:4 [

Annotations:
D:6 nikopol's ghost, novice HOFi


Innate Abilities, Weirdness & Mutations

You are too large for most types of armour.
You have claws for hands.
Your metabolism is lightning-fast.
You like to eat raw meat.
Your natural rate of healing is unusually fast.
You are covered in fur. (AC +1)
You have very tough skin. (AC +2)
You are partially covered in iridescent scales. (AC +2)
You are partially covered in large bone plates. (SH +4)
Your system is resistant to poisons. (rPois)
You expend magic power (3 MP) to strengthen your wands.


Message History

You attack the adder from above.
You claw the adder!
You kill the adder!
The Council accepts your kill.
You attack nikopol's ghost from above.
You mangle nikopol's ghost!!
Nikopol's ghost is almost destroyed.
Nikopol's ghost says, "I'll split you in two!"
Nikopol's ghost hits you!!
* * * LOW HITPOINT WARNING * * *
You spin and attack nikopol's ghost.
You barely miss nikopol's ghost.
Nikopol's ghost is almost destroyed.
Nikopol's ghost hits you!
* * * LOW HITPOINT WARNING * * *
You spin and attack nikopol's ghost.
You barely miss nikopol's ghost.
Nikopol's ghost is almost destroyed.
Nikopol's ghost says, "Try not to bleed too much."
Nikopol's ghost barely misses you.
You attack nikopol's ghost from above.
You scratch nikopol's ghost.
Nikopol's ghost is almost destroyed.
Nikopol's ghost hits you!
You die...

###########.#
#.#.........#
########.#§W.......#
#.....(..§@§.......#
#####
#.######(#§§...$....
#...###.#
#......$......
......#.#
#..............
#####.#.#
##............#
##......#
##.#.........#
#......##
#.#.........#
.......#
#.##########
#....#.# #'#


You could see nikopol's ghost.

Vanquished Creatures
  An ice beast (D:5)
  An ogre (D:5)
  A centaur (D:5)
  3 elf zombies (Ossuary)
  A bullfrog (D:2)
  A scorpion (D:5)
  A howler monkey (D:6)
  3 vampire bats (D:5)
  2 crimson imps
  A bullfrog zombie (D:5)
  A quasit (D:6)
  3 hounds
  An orc priest (D:3)
  2 iguanas
  A centaur skeleton (D:4)
  An orc wizard (D:3)
  2 worker ants
  2 big kobold zombies (Ossuary)
  A hound skeleton (D:5)
  2 mummies (Ossuary)
  A howler monkey zombie (D:6)
  6 gnolls
  4 adders
  A white imp (D:5)
  An adder zombie (Ossuary)
  An adder skeleton (D:5)
  2 worms (D:4)
  6 leopard geckos
  14 orcs
  8 bats
  A bat skeleton (D:5)
  3 bat zombies (D:5)
  4 giant cockroaches
  3 goblins
  8 hobgoblins
  6 kobolds
  6 frilled lizards
  A goblin zombie (Ossuary)
  12 hobgoblin zombies (Ossuary)
  A jackal zombie (Ossuary)
  7 kobold zombies (Ossuary)
  5 orc zombies (Ossuary)
  3 rats
  2 rat zombies (Ossuary)
137 creatures vanquished.

Notes
Turn   | Place    | Note
-------+----------+-------------------------------------------
     0 | D:1      | tof the Troll Monk began the quest for the Orb.
     0 | D:1      | Reached XP level 1. HP: 22/22 MP: 0/0
   145 | D:1      | Reached XP level 2. HP: 29/29 MP: 1/1
   666 | D:2      | Noticed a bullfrog
   671 | D:2      | Killed a bullfrog
   671 | D:2      | Reached skill level 4 in Unarmed Combat
   671 | D:2      | Reached XP level 3. HP: 26/36 MP: 2/2
   671 | D:2      | Reached XP level 4. HP: 31/44 MP: 3/3
   711 | D:2      | Found an ornate altar of the Wu Jian Council.
   719 | D:2      | Became a worshipper of the Wu Jian Council
   719 | D:2      | Reached * piety under Wu Jian
   719 | D:2      | Reached ** piety under Wu Jian
  1401 | D:3      | Reached XP level 5. HP: 53/53 MP: 4/4
  1713 | D:4      | Found Nidary's Armour Boutique.
  1752 | D:4      | Reached skill level 5 in Unarmed Combat
  1765 | D:4      | Reached XP level 6. HP: 58/61 MP: 5/5
  1943 | D:4      | Found a sand-covered staircase.
  1955 | Ossuary  | Entered an ossuary
  2016 | Ossuary  | Reached *** piety under Wu Jian
  2175 | Ossuary  | Reached skill level 6 in Unarmed Combat
  2175 | Ossuary  | Reached XP level 7. HP: 67/68 MP: 6/6
  2501 | D:4      | Learned a level 1 spell: Summon Small Mammal
  2632 | D:5      | Entered Level 5 of the Dungeon
  2696 | D:5      | Found a glowing silver altar of Zin.
  2696 | D:5      | Found a burning altar of Makhleb.
  2698 | D:5      | Noticed a cacodemon
  2701 | D:5      | Noticed an angel
  2819 | D:5      | Gained mutation: You are dopey. (Int -2) [potion of mutation]
  2819 | D:5      | Gained mutation: You are partially covered in thin metallic scales. (AC +2) [potion of mutation]
  2819 | D:5      | Gained mutation: You have a pair of small horns on your head. [potion of mutation]
  2820 | D:5      | Lost mutation: You are dopey. (Int -2) [potion of mutation]
  2820 | D:5      | Lost mutation: You are partially covered in thin metallic scales. (AC +2) [potion of mutation]
  2820 | D:5      | Lost mutation: You have a pair of small horns on your head. [potion of mutation]
  2820 | D:5      | Gained mutation: You are partially covered in iridescent scales. (AC +2) [potion of mutation]
  2820 | D:5      | Gained mutation: Your system is resistant to poisons. (rPois) [potion of mutation]
  2820 | D:5      | Gained mutation: You expend magic power (3 MP) to strengthen your wands. [potion of mutation]
  2820 | D:5      | Gained mutation: You are partially covered in large bone plates. (SH +4) [potion of mutation]
  2821 | D:5      | HP: 5/105 [poisoned by a worker ant]
  2822 | D:5      | HP: 2/105 [worker ant (2)]
  2826 | D:5      | Reached **** piety under Wu Jian
  3017 | D:5      | Reached skill level 1 in Staves
  3017 | D:5      | Reached skill level 1 in Summonings
  3024 | D:5      | Reached XP level 8. HP: 70/79 MP: 5/7
  3033 | D:5      | Reached skill level 7 in Unarmed Combat
  3163 | D:5      | Found a hazy altar of Hepliaklqana.
  3412 | D:5      | Found a shimmering altar of Xom.
  3519 | D:5      | Found an ancient bone altar of Kikubaaqudgha.
  3896 | D:6      | Noticed nikopol's ghost (novice HOFi)
  3923 | D:6      | HP: 2/79 [nikopol's ghost (14)]
  3925 | D:6      | Mangled by nikopol's ghost

Vault maps used:
D:1:      lemuel_arrival_rhombus
D:2:      nicolae_overflow_crystal_walls, first_bread
D:3:      minmay_misc_feat_secret_circle
D:4:      chequers_ossuary_entry_cave, serial_shops, shop, minmay_cut_off
D:5:      grunt_temple_overflow_order_and_chaos_2, kennysheep_little_box,
          kennysheep_vampire_church, old_standard_altar, minmay_fire_ice_demons
D:6:      minmay_overflow_temple_star_hex
Ossuary:  ossuary_tomb_1

Skill      XL: |  1  2  3  4  5  6  7  8 |
---------------+-------------------------+-----
Unarmed Combat | 4 5 6 7 |  7.3
Fighting       | 3 4 |  4.6
Dodging        | 3 4 |  4.7
Staves         | 1 2 |  2.3
Summonings     | 1 |  1.7
Stealth        | |  1.0

Action                   |  1- 3 |  4- 6 |  7- 9 || total
-------------------------+-------+-------+-------++-------
Melee: Unarmed           |    65 |   212 |   130 ||   407
       Punch             |       |     2 |     2 ||     4
       Staff             |       |       |    28 ||    28
 Cast: Summon Small Mamm |       |       |    18 ||    18
  Use: Potion            |       |       |     6 ||     6
 Stab: Sleeping          |     1 |       |       ||     1
       Distracted        |       |     1 |     1 ||     2
  Eat: Chunk             |    12 |    12 |    10 ||    34
Armor: Robe              |    27 |    31 |    73 ||   131
       Skin              |       |       |     8 ||     8
Dodge: Dodged            |    33 |    77 |   110 ||   220
Block: Other             |       |       |    21 ||    21

Table legend:
 A = Spawn XP
 B = Non-spawn XP
 C = Spawn XP percentage of total XP
 D = Spawn monster count
 E = Non-spawn monster count
 F = Spawn count percentage of total count
 G = Total turns spent on level
                    A         B        C        D         E        F      G
               +---------+---------+-------+---------+---------+-------+---------
         Total |       0 |    2017 |   0.0 |       0 |     137 |   0.0 |  3925
               +---------+---------+-------+---------+---------+-------+---------
           D:1 |       0 |      29 |   0.0 |       0 |      18 |   0.0 |   567
           D:2 |       0 |     103 |   0.0 |       0 |       9 |   0.0 |   642
           D:3 |       0 |     117 |   0.0 |       0 |      20 |   0.0 |   484
           D:4 |       0 |     302 |   0.0 |       0 |      21 |   0.0 |   571
           D:5 |       0 |     800 |   0.0 |       0 |      22 |   0.0 |   921
           D:6 |       0 |     244 |   0.0 |       0 |      11 |   0.0 |   372
       Ossuary |       0 |     422 |   0.0 |       0 |      36 |   0.0 |   368
               +---------+---------+-------+---------+---------+-------+---------
